Map: [ESL] Altitude

Players

Spirit

  • Race: Terran Terran
  • Spawn Location: 7:00

Astrea - Winner!

  • Race: Protoss Protoss
  • Spawn Location: 1:00

Event: ESL SC2 Masters 2023 Summer (Finals)

VOD

Have the link to the VOD?

Description

Time

  • Played on: June 16, 2023, 5:17 a.m.
  • Length: 13:37

All games in this series

Show
View Real Time Build Order
Export as new Build Order

Spirit Terran 

Build Orders:  

Get SALT Encoding   

  12  0:00  SCV  
  13  0:12  SCV  
  14  0:17  Supply Depot  
  14  0:25  SCV  
  15  0:39  SCV  
  15  0:41  Barracks  
  16  0:44  Refinery  
  16  0:51  SCV  
  17  1:03  SCV  
  18  1:15  SCV  
  19  1:28  Orbital Command, Marine  
  20  1:43  Command Center  
  20  1:54  Factory  
  20  1:58  SCV  
  21  2:04  Barracks Reactor  
  21  2:08  Supply Depot  
  21  2:11  SCV  
  22  2:16  Refinery  
  22  2:23  SCV  
  23  2:35  SCV  
  24  2:42  Starport  
  24  2:46  Hellion x2  
  24  2:47  SCV  
  29  2:56  Orbital Command  
  29  2:59  SCV  
  30  3:07  Widow Mine x2  
  34  3:14  SCV  
  35  3:20  Medivac  
  35  3:23  SCV  
  38  3:27  Supply Depot  
  38  3:29  Widow Mine x2  
  38  3:33  SCV  
  43  3:34  Barracks Tech Lab  
  43  3:35  SCV  
  44  3:45  SCV  
  44  3:47  SCV  
  46  3:52  Barracks  
  46  3:53  Supply Depot  
  46  3:57  SCV  
  46  3:59  SCV  
  47  4:03  Factory Tech Lab  
  47  4:04  Raven, Marine x2  
  47  4:09  SCV  
  50  4:11  SCV  
  50  4:14  Barracks  
  51  4:21  SCV  
  51  4:22  Marine x2  
  51  4:23  SCV  
  53  4:33  SCV  
  53  4:35  SCV  
  51  4:39  Siege Tank  
  51  4:40  Marine x2  
  56  4:45  SCV  
  56  4:48  SCV, Command Center  
  56  4:50  Supply Depot  
  58  4:54  Stimpack, Refinery  
  58  4:57  Marine  
  58  4:58  SCV  
  60  5:02  Marauder  
  60  5:04  Barracks Tech Lab  
  60  5:05  Supply Depot  
  60  5:06  Starport Reactor  
  62  5:08  Supply Depot  
  62  5:09  Barracks Tech Lab  
  62  5:12  SCV  
  62  5:13  Refinery  
  63  5:20  Marine  
  64  5:21  SCV  
  64  5:24  Marauder  
  64  5:28  Marine  
  65  5:29  Marauder  
  65  5:32  SCV  
  65  5:33  SCV  
  66  5:37  Engineering Bay  
  66  5:38  Siege Tank  
  66  5:39  Engineering Bay  
  66  5:40  Marine  
  70  5:44  SCV  
  70  5:45  Combat Shield  
  70  5:48  Marauder  
  73  5:52  SCV  
  73  5:54  Marine  
  73  5:55  Supply Depot  
  75  5:57  Medivac  
  75  6:00  Medivac  
  79  6:05  SCV  
  79  6:06  SCV  
  79  6:07  Missile Turret  
  79  6:10  Marine  
  79  6:11  Marine  
  83  6:12  Marine  
  83  6:15  Marine  
  83  6:17  SCV  
  86  6:21  Terran Infantry Weapons Level 1  
  86  6:22  SCV  
  86  6:23  Factory Reactor  
  87  6:28  Marine x2  
  87  6:29  SCV  
  89  6:33  Orbital Command  
  89  6:34  SCV, Concussive Shells  
  89  6:35  Marine, Marauder  
  93  6:42  SCV  
  93  6:46  Marine, SCV  
  98  6:47  Marauder  
  98  6:49  Barracks  
  98  6:53  Barracks  
  98  6:55  SCV  
  98  6:58  Marine, SCV, Marauder  
  102  7:02  Medivac x2  
  102  7:03  SCV  
  102  7:05  Marine  
  102  7:07  SCV  
  110  7:08  Marauder  
  110  7:11  Supply Depot, Terran Infantry Armor Level 1  
  110  7:14  SCV  
  111  7:15  Marine  
  111  7:16  Armory  
  111  7:18  SCV  
  111  7:19  Marine  
  102  7:24  Marine  
  102  7:29  Marine  
  96  7:32  Widow Mine  
  96  7:33  Marine  
  96  7:34  Widow Mine  
  96  7:36  SCV  
  106  7:37  Marauder  
  106  7:40  Refinery x2  
  106  7:43  Barracks Reactor  
  106  7:44  Marine, Marauder  
  104  7:47  Marauder  
  104  7:49  Viking x2  
  104  7:50  SCV x2  
  111  7:52  SCV  
  111  7:53  Marine  
  111  7:54  Sensor Tower  
  113  7:59  Marauder  
  113  8:01  Marine  
  119  8:06  Marauder, Ghost Academy  
  119  8:08  Marine  
  119  8:11  Marine  
  123  8:19  Marine, Viking x2  
  125  8:30  Supply Depot x2  
  125  8:32  Supply Depot  
  125  8:36  Terran Infantry Weapons Level 2  
  125  8:38  Missile Turret  
  125  8:50  Bunker  
  125  8:51  Ghost x3  
  125  8:52  Marine x4, Viking, SCV x3  
  125  8:55  Command Center  
  140  8:56  Terran Ship Weapons Level 1  
  139  9:07  SCV  
  139  9:09  Starport, Marine x3  
  138  9:10  Marine  
  138  9:17  Factory Tech Lab, Sensor Tower  
  142  9:18  Supply Depot  
  142  9:19  Viking  
  142  9:21  Marauder x2  
  148  9:26  Missile Turret  
  148  9:27  Marine  
  149  9:34  Marine  
  149  9:36  Marine  
  148  9:38  Marauder  
  148  9:39  Marine, Viking  
  148  9:42  Marauder x2  
  148  9:45  Marine  
  149  9:49  Command Center  
  149  9:52  Marine  
  145  9:53  SCV  
  145  9:54  SCV, Marine  
  145  9:57  Marine  
  149  10:00  Marauder  
  149  10:03  Marine, Marauder x2  
  149  10:06  SCV x2  
  155  10:10  Marine  
  155  10:12  Marine  
  157  10:21  Supply Depot  
  157  10:22  SCV x3, Medivac  
  157  10:23  Marauder  
  157  10:27  Supply Depot  
  157  10:28  Marauder x2  
  168  10:34  Terran Infantry Armor Level 2  
  168  10:35  SCV  
  169  10:36  Medivac  
  169  10:38  Marine  
  172  10:43  Marine  
  172  10:44  Marauder  
  172  10:45  Marine  
  172  10:48  Marine  
  172  10:49  Marine, Marauder  
  178  10:59  Marine  
  157  11:05  Marauder  
  157  11:08  Marine x2  
  136  11:11  Marine  
  136  11:12  Marine x2  
  136  11:17  Marine, SCV  
  122  11:25  Marine  
  122  11:26  Marine  
  122  11:27  Marauder, SCV x2  
  122  11:29  SCV  
  122  11:31  Marine, Ghost  
  134  11:33  Marauder  
  134  11:38  Refinery  
  134  11:39  SCV  
  136  11:40  SCV  
  136  11:41  SCV  
  136  11:45  Marine  
  138  11:48  Marauder  
  138  11:51  SCV  
  138  11:52  Siege Tank  
  138  11:53  Marine  
  147  11:54  Marauder  
  147  11:57  Marine  
  148  12:05  Marine  
  149  12:09  Fusion Core  
  149  12:10  Ghost x2  
  149  12:11  Marine  
  151  12:18  Marine  
  142  12:23  Marine  
  142  12:27  Marine, Marauder  
  142  12:28  SCV x3  
  134  12:37  Marine  
  134  12:39  Ghost  
  134  12:40  SCV x3, Marine  
  134  12:41  Marine  
  134  12:43  Marine  
  142  12:45  Marine  
  136  12:52  Marauder  
  136  12:55  Marine  
  136  12:58  Marine x2  
  137  13:01  Marauder  
  137  13:03  Marine  
  136  13:08  Marine  
  137  13:13  Marine, Marauder  
  137  13:15  Marine  
  137  13:16  Marine  
Show
View Real Time Build Order
Export as new Build Order

Astrea Protoss - Winner!

Build Orders: 1 Gate Expand, Phoenix Opening, Blink Stalkers, Colossus Rush 

Get SALT Encoding   

  12  0:00  Probe  
  13  0:12  Probe  
  14  0:17  Pylon  
  14  0:24  Probe (Chrono Boost)  
  16  0:36  Probe (Chrono Boost), Gateway  
  16  0:43  Probe (Chrono Boost)  
  16  0:45  Assimilator  
  17  0:51  Probe  
  18  1:03  Probe  
  19  1:15  Probe  
  20  1:23  Nexus  
  20  1:32  Cybernetics Core  
  20  1:36  Probe  
  21  1:42  Assimilator  
  21  1:48  Probe  
  21  1:51  Pylon  
  22  2:00  Probe (Chrono Boost)  
  23  2:02  Sentry  
  23  2:13  Probe (Chrono Boost)  
  23  2:14  Warp Gate  
  26  2:20  Probe (Chrono Boost)  
  26  2:22  Stalker  
  27  2:24  Gateway  
  27  2:28  Probe (Chrono Boost)  
  30  2:32  Phoenix  
  30  2:35  Probe (Chrono Boost)  
  32  2:44  Probe (Chrono Boost), Twilight Council  
  32  2:46  Probe (Chrono Boost)  
  34  2:51  Probe  
  34  2:53  Probe  
  35  2:59  Stalker  
  35  3:03  Probe  
  38  3:06  Probe  
  38  3:12  Blink (Chrono Boost)  
  39  3:13  Pylon  
  39  3:15  Probe  
  39  3:18  Probe  
  41  3:27  Probe  
  41  3:30  Probe  
  43  3:41  Probe, Robotics Facility  
  44  3:43  Probe  
  45  3:48  Nexus  
  45  3:53  Probe  
  46  3:57  Probe, Pylon  
  46  4:02  Stalker  
  49  4:03  Stalker  
  49  4:05  Probe  
  52  4:11  Probe  
  52  4:14  Assimilator  
  52  4:16  Assimilator  
  53  4:18  Pylon  
  53  4:19  Probe  
  53  4:23  Probe  
  55  4:31  Probe  
  55  4:35  Probe (Chrono Boost)  
  56  4:44  Stalker x2  
  55  4:46  Observer  
  55  4:47  Probe (Chrono Boost)  
  55  4:48  Probe (Chrono Boost)  
  57  4:56  Probe (Chrono Boost)  
  57  4:58  Probe (Chrono Boost)  
  59  5:00  Robotics Bay  
  59  5:01  Probe  
  59  5:02  Probe  
  59  5:06  Charge  
  61  5:08  Probe  
  61  5:11  Stalker  
  61  5:14  Probe x2  
  66  5:20  Probe  
  65  5:33  Probe (Chrono Boost)  
  65  5:35  Probe (Chrono Boost)  
  68  5:37  Probe (Chrono Boost)  
  70  5:44  Probe x2 (Chrono Boost)  
  70  5:47  Probe (Chrono Boost), Colossus (Chrono Boost)  
  71  5:50  Probe (Chrono Boost)  
  71  5:54  Extended Thermal Lance  
  71  5:56  Pylon  
  80  5:57  Probe  
  80  6:01  Probe  
  80  6:02  Probe, Pylon  
  81  6:05  Gateway  
  81  6:06  Gateway  
  81  6:09  Probe  
  82  6:12  Pylon  
  82  6:13  Probe  
  82  6:17  Probe  
  84  6:18  Forge  
  84  6:19  Forge  
  84  6:27  Stalker  
  84  6:28  Stalker  
  84  6:30  Pylon  
  84  6:31  Colossus (Chrono Boost), Shield Battery  
  88  6:36  Probe x2  
  96  6:42  Nexus  
  96  6:45  Observer  
  95  6:53  Observer  
  93  6:54  Stalker x2  
  93  6:59  Probe  
  95  7:04  Probe x2, Zealot  
  95  7:05  Protoss Ground Armor Level 1 (Chrono Boost), Zealot  
  99  7:13  Protoss Ground Weapons Level 1 (Chrono Boost)  
  99  7:15  Disruptor (Chrono Boost)  
  102  7:22  Probe  
  99  7:25  Probe  
  99  7:26  Probe  
  99  7:29  Stalker x4  
  97  7:30  Observer  
  97  7:34  Probe  
  96  7:37  Probe  
  96  7:39  Probe  
  96  7:43  Gateway  
  97  7:45  Gateway  
  97  7:46  Probe  
  97  7:48  Gateway  
  97  7:49  Probe  
  97  7:50  Warp Prism (Chrono Boost), Gateway  
  97  7:51  Probe  
  100  7:54  Sentry  
  100  7:58  Probe, Pylon  
  104  8:00  Stalker  
  104  8:01  Probe, Observer  
  104  8:02  Stalker  
  104  8:03  Probe x2  
  110  8:11  Probe  
  111  8:13  Probe  
  111  8:14  Zealot  
  111  8:15  Probe  
  111  8:17  Probe  
  116  8:22  Pylon  
  116  8:23  Probe, Colossus  
  116  8:25  Probe  
  124  8:27  Probe  
  124  8:29  Probe  
  124  8:30  Zealot x2  
  124  8:31  Zealot  
  132  8:34  Pylon  
  132  8:35  Probe  
  132  8:36  Zealot  
  132  8:37  Probe  
  132  8:39  Pylon  
  136  8:42  Gravitic Drive  
  136  8:50  Nexus  
  136  8:53  Protoss Ground Weapons Level 2 (Chrono Boost), Protoss Ground Armor Level 2 (Chrono Boost)  
  136  8:55  Zealot x5  
  144  9:16  Zealot x8  
  160  9:19  Probe x2  
  162  9:24  Pylon x2  
  162  9:25  Pylon  
  162  9:36  Disruptor  
  163  9:42  Zealot x6  
  163  9:43  Zealot x2  
  163  9:58  Probe x3  
  156  10:04  Probe x2  
  156  10:05  Robotics Facility x2  
  156  10:06  Assimilator  
  156  10:07  Assimilator  
  152  10:09  Pylon, Photon Cannon  
  152  10:10  Probe x2, Zealot x3, Photon Cannon  
  152  10:11  Shield Battery  
  152  10:12  Disruptor, Zealot x4  
  152  10:13  Zealot  
  167  10:24  Gateway  
  167  10:25  Gateway  
  167  10:26  Probe x2  
  167  10:27  Gateway  
  169  10:29  Gateway  
  169  10:34  Stalker x4  
  169  11:00  Zealot x8  
  169  11:01  Protoss Ground Weapons Level 3 (Chrono Boost)  
  165  11:05  Disruptor (Chrono Boost)  
  165  11:08  Disruptor (Chrono Boost)  
  165  11:10  Disruptor (Chrono Boost)  
  160  11:14  Observer  
  136  11:21  Zealot x11  
  156  11:31  Gateway  
  156  11:32  Gateway  
  156  11:34  Dark Shrine  
  156  11:36  Pylon  
  156  11:39  Observer (Chrono Boost)  
  157  11:40  Zealot  
  157  11:42  Disruptor (Chrono Boost)  
  157  11:43  Nexus  
  157  11:45  Disruptor (Chrono Boost)  
  165  11:48  Zealot x8  
  165  11:50  Observer  
  165  11:53  Photon Cannon  
  181  12:00  Zealot x4  
  185  12:08  Pylon  
  181  12:09  Stalker x4  
  181  12:10  Stalker x2  
  181  12:12  Observer  
  193  12:18  Zealot x2  
  191  12:27  Disruptor  
  188  12:36  Stalker x6  
  190  12:53  Zealot x3  
  190  12:54  Zealot x2  
  180  13:08  Zealot x9  
Tags
 
Add a new tag
Caveats
  • Supply blocks, unpowered buildings, or Contaminate may cause inaccurate times.
  • Supply counts are checked every 10 seconds.